 Dungeon Crawl Stone Soup version 0.28.0-43-g3370ac3207 (webtiles) character file.

Game seed: 2786291969419400353

631 Renzlar the Shield-Bearer (level 7, -5/60 HPs)
             Began as a Gnoll Fighter on Mar 21, 2022.
             Slain by a cane toad (17 damage)
             ... on level 5 of the Dungeon.
             The game lasted 00:11:13 (3183 turns).

Renzlar the Shield-Bearer (Gnoll Fighter)           Turns: 3183, Time: 00:11:13

Health: -5/60      AC:  9    Str: 17    XL:     7   Next: 48%
Magic:  10/10      EV: 10    Int:  8    God:
Gold:   210        SH:  5    Dex: 11    Spells: 11/11 levels left

rFire   . . .      SeeInvis .   a - +0 war axe
rCold   . . .      Faith    .   l - +0 buckler
rNeg    . . .      Spirit   .   b - +0 scale mail
rPois   .          Reflect  .   (no helmet)
rElec   .          Harm     .   (no cloak)
rCorr   .          Rampage  .   k - +0 pair of gloves
Will    .....                   (no boots)
Stlth   +.........              (no amulet)
HPRegen 0.20/turn               (no ring)
MPRegen 0.12/turn               (no ring)

@: no status effects
A: fangs 1, strong nose, distributed training
a: no special abilities


You were on level 5 of the Dungeon.
You visited 1 branch of the dungeon, and saw 5 of its levels.

You collected 210 gold pieces.

Inventory:

Hand Weapons
 a - a +0 war axe (weapon)
 c - a +3 hand crossbow
 i - a +0 dagger of draining
 j - a +1 long sword of protection
Missiles
 e - 161 stones (quivered)
 g - 14 sling bullets
 m - 40 bolts
Armour
 b - a +0 scale mail (worn)
 k - a +0 pair of gloves (worn)
 l - a +0 buckler (worn)
Wands
 o - a wand of polymorph (10)
 p - a wand of charming (14)
Scrolls
 n - a scroll of teleportation
Potions
 d - a potion of might
 f - a potion of curing
 h - a potion of flight {unknown}


   Skills:
 + Level 7.0 Fighting
 + Level 2.5 Short Blades
 + Level 2.5 Long Blades
 + Level 5.2 Axes
 + Level 2.5 Maces & Flails
 + Level 2.5 Polearms
 + Level 2.5 Staves
 + Level 2.5 Slings
 + Level 2.5 Bows
 + Level 2.5 Crossbows
 + Level 2.5 Throwing
 + Level 7.0 Armour
 + Level 2.5 Dodging
 + Level 2.5 Stealth
 + Level 7.0 Shields
 + Level 2.5 Unarmed Combat
 + Level 2.5 Spellcasting
 + Level 2.0 Conjurations
 + Level 2.0 Hexes
 + Level 2.0 Summonings
 + Level 2.0 Necromancy
 + Level 2.0 Translocations
 + Level 2.0 Transmutations
 + Level 2.0 Fire Magic
 + Level 2.0 Ice Magic
 + Level 2.0 Air Magic
 + Level 2.0 Earth Magic
 + Level 2.0 Poison Magic
 + Level 2.8 Invocations
 + Level 2.5 Evocations


You had 11 spell levels left.
You didn't know any spells.
Your spell library contained the following spells:

 Spells                   Type           Power      Damage    Failure   Level
 Conjure Flame            Conj/Fire      4%         6-21      85%         3
 Ignite Poison            Fire/Tmut/Pois 4%         N/A       85%         3
 Sticky Flame             Conj/Fire      4%         2d3       99%         4


Dungeon Overview and Level Annotations

Branches:
Dungeon (5/15)
 Temple: D:4-7

Altars:

Shops:
D:2 ?


Innate Abilities, Weirdness & Mutations

You have very sharp teeth.
Your uncanny sense of smell can sniff out nearby items.
Your experience applies equally to all skills.


Message History

You block the troll's attack. The troll barely misses you. The troll claws you.
You slash the troll!
The troll is moderately wounded.
The troll completely misses you. The troll misses you. x2
You hit the troll.
The troll is moderately wounded.
The troll barely misses you. The troll claws you. The troll closely misses you.
The troll bites you. You block the troll's attack. The troll claws you!
* * * LOW HITPOINT WARNING * * *
Aiming: Polymorph
Press: ? - help, Shift-Dir - straight line, f/p - troll
Aim: a troll (moderately wounded, will become a human, a cane toad, or a harpy, chance to affect: 55%)
The troll resists with significant effort.
You block the troll's attack. The troll claws you.
* * * LOW HITPOINT WARNING * * *
The troll claws you.
* * * LOW HITPOINT WARNING * * *
Unknown command.
Aiming: Polymorph
Press: ? - help, Shift-Dir - straight line, f/p - troll
Aim: a troll (moderately wounded, will become a human, a cane toad, or a harpy, chance to affect: 55%)
The troll resists with significant effort.
The troll bites you but does no damage. The troll claws you but does no damage.
You block the troll's attack.
Aiming: Polymorph
Press: ? - help, Shift-Dir - straight line, f/p - troll
Aim: a troll (moderately wounded, will become a human, a cane toad, or a harpy, chance to affect: 55%)
The troll resists with significant effort.
The troll closely misses you. The troll claws you.
* * * LOW HITPOINT WARNING * * *
The troll claws you.
* * * LOW HITPOINT WARNING * * *
Unknown command.
Aiming: Polymorph
Press: ? - help, Shift-Dir - straight line, f/p - troll
Aim: a troll (moderately wounded, will become a human, a cane toad, or a harpy, chance to affect: 55%)
The troll evaporates and reforms as a cane toad!
You block the cane toad's attack.
You feel better. The cane toad stings you!
You die...

..
...........#
..
(............#
..
.(.......P♣..#
..
.......P.P♣..#
..
.(....P....#
##
##.......+###
##..........#
#...F.......#
#....@......#
###..##.....#
##. #.....# #.
#.....# ∆ #.
#....... #.
#........ #.
#....###. ..
....#


You could see a cane toad.

Vanquished Creatures
  A sky beast (D:5)
  An ogre (D:4)
  A phantom (D:3)
  A water moccasin skeleton (D:5)
  2 hounds (D:5)
  A bullfrog skeleton (D:4)
  Jessica (D:2)
  2 orc wizards
  A howler monkey skeleton (D:5)
  7 adders
  A white imp (D:5)
  An ufetubus (D:4)
  An adder skeleton (D:3)
  3 dart slugs
  2 orcs (D:4)
  7 bats
  4 endoplasms
  3 giant cockroaches
  5 goblins
  6 hobgoblins
  2 quokkas
  4 ball pythons
  4 frilled lizards
  9 kobolds
  7 rats
77 creatures vanquished.

Notes
Turn   | Place    | Note
-------+----------+-------------------------------------------
     0 | D:1      | Renzlar the Gnoll Fighter began the quest for the Orb.
     0 | D:1      | Reached XP level 1. HP: 23/23 MP: 1/1
   140 | D:1      | Reached XP level 2. HP: 25/29 MP: 2/2
   676 | D:1      | Found a faded altar of an unknown god.
   710 | D:2      | Found Dofan's Magic Scroll Emporium.
   918 | D:2      | Noticed Jessica
   923 | D:2      | Killed Jessica
   924 | D:2      | Reached skill level 1 in Invocations
   924 | D:2      | Reached XP level 3. HP: 32/35 MP: 2/4
   927 | D:2      | Reached skill level 1 in Short Blades
   927 | D:2      | Reached skill level 1 in Long Blades
   927 | D:2      | Reached skill level 1 in Maces & Flails
   927 | D:2      | Reached skill level 1 in Polearms
   927 | D:2      | Reached skill level 1 in Staves
   927 | D:2      | Reached skill level 1 in Slings
   927 | D:2      | Reached skill level 1 in Bows
   927 | D:2      | Reached skill level 1 in Crossbows
   927 | D:2      | Reached skill level 1 in Throwing
   927 | D:2      | Reached skill level 1 in Dodging
   927 | D:2      | Reached skill level 1 in Stealth
   927 | D:2      | Reached skill level 1 in Unarmed Combat
   927 | D:2      | Reached skill level 1 in Spellcasting
   927 | D:2      | Reached skill level 1 in Evocations
  1092 | D:2      | Reached XP level 4. HP: 40/41 MP: 5/5
  1562 | D:3      | Reached skill level 1 in Conjurations
  1562 | D:3      | Reached skill level 1 in Hexes
  1562 | D:3      | Reached skill level 1 in Summonings
  1562 | D:3      | Reached skill level 1 in Necromancy
  1562 | D:3      | Reached skill level 1 in Translocations
  1562 | D:3      | Reached skill level 1 in Transmutations
  1562 | D:3      | Reached skill level 1 in Fire Magic
  1562 | D:3      | Reached skill level 1 in Ice Magic
  1562 | D:3      | Reached skill level 1 in Air Magic
  1562 | D:3      | Reached skill level 1 in Earth Magic
  1562 | D:3      | Reached skill level 1 in Poison Magic
  2057 | D:4      | Reached XP level 5. HP: 40/47 MP: 6/6
  2296 | D:4      | Noticed an ogre
  2302 | D:4      | Killed an ogre
  2303 | D:4      | Reached XP level 6. HP: 53/53 MP: 8/8
  2440 | D:3      | Reached skill level 5 in Axes
  2837 | D:5      | Entered Level 5 of the Dungeon
  2868 | D:5      | Reached XP level 7. HP: 59/59 MP: 10/10
  3163 | D:5      | Noticed a troll
  3182 | D:5      | Noticed a cane toad
  3182 | D:5      | a troll changed into a cane toad
  3183 | D:5      | Slain by a cane toad

Illustrated notes

Levels and vault maps discovered:
D:1:      dpeg_arrival_long_road, layout_basic,
          dreamdust_ecumenical_altar_hidden_monk_grotto, st_stairs_8
D:2:      layout_rooms, serial_shops, shop, minmay_misc_feat_alley,
          kennysheep_generic_room_14, uniq_jessica
D:3:      layout_loops_ring
D:4:      layout_cave_pools
D:5:      layout_gridville, grunt_temple_overflow_cloverleaf, serial_park_tiny_2

Skill      XL: |  1  2  3  4  5  6  7 |
---------------+----------------------+-----
Invocations    | 1 2 |  2.8
Short Blades   | 1 2 |  2.5
Long Blades    | 1 2 |  2.5
Maces & Flails | 1 2 |  2.5
Polearms       | 1 2 |  2.5
Staves         | 1 2 |  2.5
Slings         | 1 2 |  2.5
Bows           | 1 2 |  2.5
Crossbows      | 1 2 |  2.5
Throwing       | 1 2 |  2.5
Dodging        | 1 2 |  2.5
Stealth        | 1 2 |  2.5
Unarmed Combat | 1 2 |  2.5
Spellcasting   | 1 2 |  2.5
Evocations     | 1 2 |  2.5
Conjurations   | 1 2 |  2.0
Hexes          | 1 2 |  2.0
Summonings     | 1 2 |  2.0
Necromancy     | 1 2 |  2.0
Translocations | 1 2 |  2.0
Transmutations | 1 2 |  2.0
Fire Magic     | 1 2 |  2.0
Ice Magic      | 1 2 |  2.0
Air Magic      | 1 2 |  2.0
Earth Magic    | 1 2 |  2.0
Poison Magic   | 1 2 |  2.0
Axes           | 5 |  5.2
Fighting       | 7 |  7.0
Armour         | 7 |  7.0
Shields        | 7 |  7.0

Action                   |  1- 3 |  4- 6 |  7- 9 || total
-------------------------+-------+-------+-------++-------
Melee: War axe           |    66 |    99 |    35 ||   200
       Bite              |     2 |    10 |     4 ||    16
       Long sword        |       |    25 |       ||    25
 Fire: Hand crossbow     |       |    15 |     7 ||    22
Throw: Stone             |    10 |    11 |       ||    21
Evoke: Wand              |       |       |     4 ||     4
  Use: Scroll            |     4 |     5 |       ||     9
       Potion            |       |       |     1 ||     1
Armor: Scale mail        |    28 |    71 |    18 ||   117
Dodge: Dodged            |    27 |    68 |    39 ||   134
Block: Buckler           |    17 |    34 |    10 ||    61
